[Event "*** Titled Tuesday 3|2 Blitz"]
[Site "Chess.com"]
[Date "2015.08.04"]
[Round "2"]
[White "VSERGUEI"]
[Black "dretch"]
[Result "1/2-1/2"]
[WhiteElo "2573"]
[BlackElo "2506"]
[TimeControl "180+2"]
[EndTime "11:50:56 PDT"]
[Termination "Game drawn by repetition"]

1. d4 d5 2. c4 c6 3. e3 Bf5 4. Nc3 e6 5. g4 Bg6 6. Nge2 h6 7. Nf4 Bh7 8. Bd3 Bxd3 9. Qxd3 Nf6 10. h3 Nbd7 11. Bd2 Bb4 12. O-O-O Qa5 13. a3 Bxc3 14.
Bxc3 Qa6 15. cxd5 Qxd3 16. Nxd3 Nxd5 17. Bd2 f5 18. f3 O-O 19. e4 fxe4 20. fxe4 N5f6 21.
Rde1 Rad8 22. Rhg1 Nb6 23. Bc3 Nh7 24. Ne5 Ng5 25. Rg3 Rf2 26. h4 Nf7 27. Nd3 Rh2 28. g5 hxg5 29. hxg5 Na4 30. g6 Nd6 31. Nc5 Nxc3 32.
bxc3 Rf8 33. c4 Nxc4 34. Rc3 b5 35. d5 Ra2 36. Kb1 Rff2 37. Nd3 Rxa3 38. Rxc4 Rxd3 39.
Rxc6 Rb3+ 40. Kc1 Ra3 41. Kb1 Rb3+ 42. Kc1 Ra3 43. Kb1 Rb3+ 44. Kc1 Ra3 1/2-1/2

[Event "*** Titled Tuesday 3|2 Blitz"]
[Site "Chess.com"]
[Date "2015.08.04"]
[Round "2"]
[White "arnacman"]
[Black "WarlordX"]
[Result "1-0"]
[WhiteElo "2226"]
[BlackElo "2187"]
[TimeControl "180+2"]
[EndTime "11:51:01 PDT"]
[Termination "arnacman won by resignation"]

1. e4 c5 2. Nf3 Nc6 3. d4 cxd4 4. Nxd4 g6 5. c4 Nf6 6. Nc3 d6 7. f3 Nxd4 8. Qxd4 Bg7 9. Be3 Be6 10. Qd2 O-O 11.
Be2 Qa5 12. a3 Rfc8 13. Nd5 Qxd2+ 14. Kxd2 Nxd5 15. exd5 Bf5 16. g4 Bd7 17. Rab1 a6 18. Bb6 f5 19. Rhe1 Be5 20. h3 fxg4 21. fxg4 Rf8 22.
Rf1 Kg7 23. b4 Ba4 24. Bd3 Rac8 25. Be2 Rf6 26. Rxf6 exf6 27. Bd3 Bd7 28. Ke3 f5 29. gxf5 gxf5 30. c5 f4+ 31. Kf3 Kf6 32. Bxh7 Rh8 33. Be4 Rxh3+ 34. Kg2 Rg3+ 35. Kh1 Re3 36. c6 Rh3+ 37.
Kg1 bxc6 38. dxc6 Bc8 39. a4 Ra3 40. a5 Ke6 41. Rd1 Ra1 42. Rxa1 Bxa1 43. Bg2 d5 44. Bh3+ Kd6 45. Bxc8 Kxc6 46. Bxa6 d4 47. b5+ Kd5 48. Bb7+ Kc4 49. a6 Kxb5 50. a7 d3 51.
a8=Q 1-0

[Event "*** Titled Tuesday 3|2 Blitz"]
[Site "Chess.com"]
[Date "2015.08.04"]
[Round "2"]
[White "eugeniusjr"]
[Black "Fawolizzo"]
[Result "1-0"]
[WhiteElo "1961"]
[BlackElo "1882"]
[TimeControl "180+2"]
[EndTime "11:51:02 PDT"]
[Termination "eugeniusjr won by resignation"]

1. c4 c5 2. g3 Nf6 3. Bg2 d5 4.
cxd5 Nxd5 5. Nc3 Nc7 6. Nf3 Nc6 7. O-O e5 8. d3 Be7 9. Be3 O-O 10. a4 b6 11. a5 Nxa5 12. Nxe5 Be6 13. Rxa5 bxa5 14. Nc6 Qd7 15. Nxe7+ Qxe7 16. Bxa8 Nxa8 17. Qa4 Bh3 18. Rb1 Qb7 19. f3 Qb4 20. Qxb4 axb4 21. Ne4 c4 22. dxc4 Be6 23. b3 Bf5 24. Kf2 Nc7 25.
Ra1 a6 26. Nc5 Ra8 27. Ra4 a5 28. g4 Bc2 29. Ra2 Bxb3 30. Nxb3 a4 31. Nd4 b3 32. Rb2 h6 33. Bc1 Na6 34. Nxb3 axb3 35. Rxb3 Nc5 36. Rc3 Rc8 37. Be3 Na4 38. Rc2 f6 39. c5 Kf7 40.
Bd4 Ke6 41. e4 Kd7 42. Ke3 Kc6 43. Ra2 Nxc5 44. Rc2 Kb5 45. Bxc5 Rxc5 46. Rxc5+ Kxc5 47. Kf4 Kd6 48. Kf5 Ke7 49. Kg6 Kf8 50. h4 Kg8 51. f4 Kf8 52. e5 fxe5 53. fxe5 Kg8 54. e6 Kf8 55. h5 Ke7 56. Kxg7 Kxe6 57. Kxh6 Kf6 58.
g5+ Kf7 59. Kh7 1-0

[Event "*** Titled Tuesday 3|2 Blitz"]
[Site "Chess.com"]
[Date "2015.08.04"]
[Round "2"]
[White "zmaj23"]
[Black "Mugzyyy"]
[Result "1-0"]
[WhiteElo "2489"]
[BlackElo "2548"]
[TimeControl "180+2"]
[EndTime "11:51:03 PDT"]
[Termination "zmaj23 won by resignation"]

1. e4 c5 2. Nf3 d6 3. d4 cxd4 4. Nxd4 Nf6 5. Nc3 g6 6. Be3 Bg7 7. f3 Nc6 8. Qd2 O-O 9. O-O-O d5 10. exd5 Nxd5 11. Nxc6 bxc6 12. Bd4 Qc7 13. h4 e5 14. Bc5 Rd8 15. h5 Be6 16. Ne4 Nf4 17. Bd6 Qb6 18. hxg6 hxg6 19. g3 Nd5 20. Qh2 Rxd6 21.
Nxd6 Ne3 22. Re1 e4 23. c3 exf3 24. Qf2 Nf5 25. Qxb6 axb6 26. Nxf5 Bxf5 27. Bc4 Bf6 28. Ref1 Rd8 29. Rxf3 Bg5+ 30. Rf4 Kg7 31. Rf1 Kf6 32.
a4 Bxf4+ 33. Rxf4 Rd7 34. b4 Ke5 35. a5 bxa5 36. bxa5 Ra7 37. a6 g5 38. Rd4 Be4 39. Kd2 f5 40. Ke3 f4+ 41. Kf2 Bf5 42. Rd8 Bd7 43. Rg8 fxg3+ 44. Kxg3 g4 45. Rg6 Kf5 46. Bd3+ Ke5 47. Rg7 Kf6 48. Rh7 Ke6 49. Kxg4 Kd6+ 50. Kf4 Ra8 51. Ke3 Bc8 52. Rh8 Kc7 53. Bf5 Rxa6 54.
Rxc8+ Kd6 55. Rh8 Kc5 56. Rh4 Ra1 57. Bd3 Rg1 58. Rh5+ Kd6 59. Kd4 Rg4+ 60. Be4 c5+ 61. Kd3 Rf4 62. Rd5+ 1-0

[Event "*** Titled Tuesday 3|2 Blitz"]
[Site "Chess.com"]
[Date "2015.08.04"]
[Round "2"]
[White "AungTZ"]
[Black "HZMC92"]
[Result "1/2-1/2"]
[WhiteElo "2089"]
[BlackElo "2270"]
[TimeControl "180+2"]
[EndTime "11:51:03 PDT"]
[Termination "Game drawn by agreement"]

1. e4 c5 2. Nf3 d6 3. d4 cxd4 4. Nxd4 Nf6 5. Nc3 g6 6. Be2 Bg7 7. Be3 O-O 8. Nb3 Nc6 9. O-O a5 10. a4 Be6 11. Nd4 Nxd4 12. Bxd4 Rc8 13. f4 Bc4 14.
Bxc4 Rxc4 15. e5 dxe5 16. Bxe5 Qb6+ 17. Kh1 Rd8 18. Qc1 Ng4 19. Bxg7 Nf2+ 20. Rxf2 Qxf2 21. b3 Rc6 22. Be5 f6 23. Ne4 Qxc2 24. Qxc2 Rxc2 25.
Bc3 f5 26. Bxa5 Rdc8 27. Nc3 R2xc3 28. Bxc3 Rxc3 29. Rb1 Kf7 30. b4 Ra3 31. a5 Ke6 32. h3 Kd5 33. Re1 e6 34. Re5+ Kd6 35. Rb5 Kc7 36. Rb6 Re3 37. Kg1 h5 38. Kf2 Re4 39.
g3 h4 40. Kf3 hxg3 41. Kxg3 Kc8 42. Kf3 Kc7 43. h4 Re1 44. Kf2 Re4 45. Kf3 Kc8 46.
b5 Kc7 47. Kg3 Re3+ 48. Kf2 Rh3 49. Rxe6 Rxh4 50. Kg3 Rg4+ 51. Kf3 g5 52. fxg5 Rxg5 53. Kf4 Rg4+ 54. Kxf5 Ra4 55. Re7+ Kb8 56. a6 bxa6 57. bxa6 Rxa6 58. Re8+ Kc7 59. Re7+ Kd8 60. Re6 Ra1 61. Rh6 Ke7 62. Ke4 Re1+ 63. Kd3 Rd1+ 64. Kc3 1/2-1/2

[Event "*** Titled Tuesday 3|2 Blitz"]
[Site "Chess.com"]
[Date "2015.08.04"]
[Round "2"]
[White "ER404"]
[Black "Carolina-moon"]
[Result "1-0"]
[WhiteElo "2053"]
[BlackElo "1985"]
[TimeControl "180+2"]
[EndTime "11:51:14 PDT"]
[Termination "ER404 won by checkmate"]

1. d4 f5 2. Bg5 g6 3. Nc3 Bg7 4. h4 h6 5. Bf4 d6 6. e4 Nf6 7. Bd3 Nc6 8. exf5 Bxf5 9. Bxf5 gxf5 10. Nf3 e6 11. Qe2 Qe7 12. O-O-O O-O-O 13. h5 Rhe8 14. Nh4 e5 15. dxe5 dxe5 16. Nxf5 Qf8 17. Rxd8+ Rxd8 18. Bxe5 Nxe5 19. Qxe5 Ng4 20. Qe6+ Kb8 21. Nxg7 Qxg7 22. Rd1 Qg5+ 23. Kb1 Rxd1+ 24. Nxd1 a6 25. Qg6 Qf4 26. b3 Ka7 27. a4 Ne5 28. Qg3 Qf5 29. Ne3 Qe6 30. Ka2 Nc6 31. Qf4 a5 32. Nf5 Nb4+ 33.
Kb2 Qf6+ 34. Kb1 Qc3 35. Qd4+ Qxd4 36. Nxd4 c5 37. Nf5 Nd5 38. Nxh6 Nf4 39. g4 Ne2 40. Nf5 c4 41. h6 cxb3 42. cxb3 Nc3+ 43. Kc2 Ne2 44.
h7 Nd4+ 45. Kc3 Ne6 46. h8=Q Nc7 47. Qc8 Na6 48. Qe6 Nc5 49. Qe3 b6 50. Qxc5 bxc5 51.
g5 c4 52. g6 cxb3 53. g7 b2 54. Kxb2 Kb7 55. g8=Q Ka6 56. Qe6+ Kb7 57. Qd6 Ka8 58. Ng3 Ka7 59. f4 Kb7 60. f5 Kc8 61. f6 Kb7 62. f7 Kc8 63. f8=Q+ Kb7 64. Qfb8# 1-0

[Event "*** Titled Tuesday 3|2 Blitz"]
[Site "Chess.com"]
[Date "2015.08.04"]
[Round "2"]
[White "Viaje"]
[Black "lexiel"]
[Result "0-1"]
[WhiteElo "2234"]
[BlackElo "2282"]
[TimeControl "180+2"]
[EndTime "11:51:16 PDT"]
[Termination "lexiel won by checkmate"]

1. d4 Nf6 2. c4 d6 3. Nf3 c6 4.
Nc3 Bf5 5. Nh4 Bd7 6. e4 e5 7. Nf3 Bg4 8. d5 Be7 9. Be2 h6 10. Be3 O-O 11. O-O c5 12. a3 Na6 13. Rb1 Nc7 14.
b4 b6 15. a4 cxb4 16. Rxb4 Na6 17. Rb5 Nd7 18. a5 Nac5 19. axb6 axb6 20. Qc2 f5 21.
exf5 Bxf5 22. Qd2 Qe8 23. Qb2 Qg6 24. Nd2 Bh3 25. g3 Bxf1 26. Bxf1 Bg5 27. Bxg5 hxg5 28.
Bg2 Qd3 29. Nce4 Qe2 30. Bf1 Qe1 31. Qb1 Qxb1 32. Rxb1 Ra2 33. Bh3 Nxe4 34. Nxe4 Nc5 35. Nxd6 Rfxf2 36. Rxb6 Rfd2 37. Rc6 Ra1+ 38. Bf1 Nd3 39.
Rc8+ Kh7 40. Rf8 g4 41. Ne4 Rc2 42. d6 Ne1 43. d7 Nf3+ 44. Rxf3 gxf3 45. Nf2 Rd2 46. Ne4 Rg2+ 47. Kh1 Rxf1# 0-1

[Event "*** Titled Tuesday 3|2 Blitz"]
[Site "Chess.com"]
[Date "2015.08.04"]
[Round "2"]
[White "PauloCesarCosta"]
[Black "talaicito"]
[Result "0-1"]
[WhiteElo "1998"]
[BlackElo "2011"]
[TimeControl "180+2"]
[EndTime "11:51:18 PDT"]
[Termination "talaicito won by checkmate"]

1. Nf3 d5 2. c4 c6 3. d4 Nf6 4. e3 e6 5. Nbd2 Be7 6. Bd3 O-O 7.
O-O b6 8. e4 dxc4 9. Nxc4 Bb7 10. Nce5 c5 11. dxc5 Nxe4 12. cxb6 Qxb6 13. Qe2 Nf6 14.
Be3 Qa5 15. a3 Nbd7 16. b4 Bxf3 17. Nxf3 Qh5 18. Bf4 Nd5 19. Bg3 Bf6 20. Rac1 Rac8 21. Be4 N7b6 22. Bxd5 Nxd5 23. h3 h6 24. Rfd1 Nc3 25.
Qa6 Rcd8 26. Rxd8 Rxd8 27. Qxa7 Ne2+ 28. Kh2 Nxc1 29. Qc7 Qd5 30. Qxc1 g5 31. Qc7 h5 32. a4 g4 33. hxg4 hxg4 34. Nh4 Qh5 35. Qc5 Qh6 36. Qc4 Bxh4 37. Qxg4+ Bg5+ 38. Kg1 f5 39. Qf3 f4 40.
Bxf4 Bxf4 41. Qg4+ Kf7 42. g3 Bg5 43. Qf3+ Bf6 44.
Qb7+ Kg6 45. Kg2 Qg5 46. Qe4+ Qf5 47. Qc4 Qd5+ 48. Qxd5 exd5 49. b5 d4 50. b6 d3 51.
b7 d2 52. b8=Q Rxb8 53. a5 d1=Q 54. a6 Qd5+ 55. Kg1 Rb1+ 56. Kh2 Qh1# 0-1

[Event "*** Titled Tuesday 3|2 Blitz"]
[Site "Chess.com"]
[Date "2015.08.04"]
[Round "2"]
[White "Hafez_Bakr"]
[Black "mortalbovine"]
[Result "0-1"]
[WhiteElo "1777"]
[BlackElo "1693"]
[TimeControl "180+2"]
[EndTime "11:51:39 PDT"]
[Termination "mortalbovine won by resignation"]

1. e4 e5 2. Nf3 Nc6 3. Bb5 a6 4. Ba4 Nf6 5. O-O Be7 6. Re1 b5 7. Bb3 O-O 8. c3 d6 9. d4 Bg4 10. d5 Na5 11. Bc2 c6 12. dxc6 Nxc6 13. Nbd2 d5 14. h3 Bxf3 15. Nxf3 dxe4 16. Qxd8 Rfxd8 17. Bxe4 Nxe4 18. Rxe4 Rd1+ 19. Re1 Rxe1+ 20. Nxe1 Rd8 21. Be3 f6 22. f3 Kf7 23. Kf2 Ke6 24. Ke2 b4 25. Bd2 bxc3 26. Bxc3 Bb4 27. Rc1 Bxc3 28. Rxc3 Nd4+ 29. Ke3 Nf5+ 30. Ke2 Nd4+ 31.
Kf2 Rb8 32. b3 a5 33. Nd3 Kd6 34. g4 Rb7 35. Nc5 Rc7 36. Ne4+ Kd7 37. Rxc7+ Kxc7 38. Ke3 Kc6 39. f4 Nc2+ 40. Kd2 Nb4 41. fxe5 fxe5 42. a3 Nd5 43. h4 Nf4 44. Ng5 h6 45. Nf7 Kd5 46.
g5 hxg5 47. Nxg5 Ng6 48. h5 Nf4 49. h6 gxh6 50. Nf3 h5 51. Nh4 Ne6 52. Kc3 Nd4 53. b4 axb4+ 54. axb4 Nb5+ 55. Kb3 Nd4+ 56. Ka4 Kc4 57.
Ng6 e4 58. Ne5+ Kd5 59. Ng6 e3 60. Nf4+ Ke4 61. Ng2 e2 62. b5 Nxb5 63. Kxb5 h4 64. Kc4 h3 65. Ne1 h2 66. Nd3 e1=Q 67. Nxe1 h1=Q 68.
Nd3 Qf1 0-1

[Event "*** Titled Tuesday 3|2 Blitz"]
[Site "Chess.com"]
[Date "2015.08.04"]
[Round "2"]
[White "kesarev"]
[Black "hellokostya"]
[Result "1-0"]
[WhiteElo "2191"]
[BlackElo "2211"]
[TimeControl "180+2"]
[EndTime "11:51:43 PDT"]
[Termination "kesarev won by checkmate"]

1. Nf3 c5 2. c4 g6 3. g3 Bg7 4. Bg2 Nc6 5. O-O d6 6. Nc3 e5 7. Rb1 Be6 8. a3 Bxc4 9. b4 cxb4 10. axb4 Nf6 11. b5 Ne7 12. b6 axb6 13. d3 Be6 14. Ng5 Bc8 15. Qb3 O-O 16. Be3 Nd7 17. Bxb6 Nxb6 18. Qxb6 Qxb6 19. Rxb6 h6 20. Nge4 d5 21. Nc5 d4 22. Nb5 Ra2 23. Re1 Bg4 24. Rxb7 Nc8 25. Bd5 Rxe2 26. Rxe2 Bxe2 27. f3 Bd1 28. Kf2 Bc2 29.
Ke2 Ne7 30. Rxe7 Rb8 31. Bxf7+ Kh7 32. Nd6 Bf8 33. Rd7 Kh8 34. Bxg6 Rb2 35. Nf7+ Kg7 36. Nxe5+ Kf6 37. f4 Ba4+ 38. Kf3 Bxd7 39. Ncxd7+ Ke7 40. f5 Bg7 41. Ke4 Re2+ 42. Kxd4 Re1 43. Kd5 Rf1 44. d4 Rd1 45. h4 Rd2 46. g4 Ra2 47. g5 hxg5 48.
hxg5 Ra5+ 49. Ke4 Ra1 50. f6+ Bxf6 51. gxf6+ Kd6 52. f7 Re1+ 53. Kf5 Rf1+ 54. Kg5 Rg1+ 55. Kh6 Rh1+ 56. Kg7 Kc7 57. f8=Q Rb1 58. Qc5+ Kd8 59. Qc6 Rf1 60. Nf7+ Rxf7+ 61. Bxf7 Ke7 62. Ne5 Kd8 63. Qd7# 1-0

[Event "*** Titled Tuesday 3|2 Blitz"]
[Site "Chess.com"]
[Date "2015.08.04"]
[Round "2"]
[White "Tal-Baronfew"]
[Black "GMBenjaminBok"]
[Result "1-0"]
[WhiteElo "2691"]
[BlackElo "2421"]
[TimeControl "180+2"]
[EndTime "11:51:44 PDT"]
[Termination "Tal-Baronfew won on time"]

1. d4 Nf6 2. c4 g6 3. Nc3 d5 4. Nf3 Bg7 5. cxd5 Nxd5 6. Bd2 O-O 7.
Rc1 c5 8. Nxd5 Qxd5 9. Rxc5 Qxa2 10. e3 Na6 11. Bc4 Qxb2 12. Rb5 Qa3 13. O-O b6 14. Qe2 Bb7 15. Rb3 Qa4 16. Rc1 Rac8 17. Rbb1 Bxf3 18. gxf3 Nb8 19. f4 Qd7 20. Qf3 e6 21. Kg2 a6 22. Rxb6 Rc7 23. Rbb1 Rfc8 24. Bd3 Rxc1 25. Bxc1 a5 26. Bd2 a4 27. Qa8 Nc6 28. Qxa4 Qd5+ 29. f3 Ne7 30. Be4 Qd8 31. Qa5 Qe8 32. Qb5 Qd8 33. Ba5 Qd6 34. Bb4 Qd8 35.
Qa5 Qd7 36. Bc5 Nd5 37. Qd2 Nf6 38. Bd3 Bf8 39. Bxf8 Kxf8 40. Rc1 Rb8 41. Rb1 Rc8 42. Rc1 Rb8 43. Rc2 Nd5 44. Be4 Nf6 45. Kf2 Kg7 46.
Bd3 Rb6 47. Rb2 Rxb2 48. Qxb2 Qc7 49. Qd2 Qc6 50. Kg2 Qd5 51. Qc2 Qd6 52. h3 Nd5 53. Qc1 Qb4 54. Kf2 Qe7 55. Kg2 g5 56. Be4 gxf4 57.
exf4 1-0

[Event "*** Titled Tuesday 3|2 Blitz"]
[Site "Chess.com"]
[Date "2015.08.04"]
[Round "2"]
[White "MinhGTrAn"]
[Black "Zlatan56"]
[Result "0-1"]
[WhiteElo "2504"]
[BlackElo "2402"]
[TimeControl "180+2"]
[EndTime "11:51:44 PDT"]
[Termination "Zlatan56 won by resignation"]

1. d4 Nf6 2. c4 g6 3. Nc3 Bg7 4. Nf3 O-O 5. Bf4 c5 6. d5 d6 7. e4 b5 8. cxb5 a6 9. bxa6 Qa5 10. Bd3 Bxa6 11. O-O Nbd7 12. Re1 Rfb8 13. Bxa6 Qxa6 14. Qc2 Ng4 15. Bg5 Kf8 16. Qd2 Nge5 17. Nxe5 Nxe5 18. b3 c4 19. Rab1 cxb3 20. axb3 Qd3 21. Red1 Qxd2 22. Bxd2 Ra3 23. Kf1 Nd7 24. f3 f5 25. exf5 gxf5 26.
Ne2 Raxb3 27. Rxb3 Rxb3 28. Ng3 Nb6 29. Nxf5 Nxd5 30. Bg5 Nf6 31. Re1 Rb7 32. Nxg7 Kxg7 33. Re2 Kg6 34. Be3 e5 35. Kf2 h5 36. Rc2 d5 37. h4 Kf5 38. Bg5 d4 39. Rc6 Nd5 40. Rd6 Rb5 41. Rh6 e4 42. fxe4+ Kxe4 43. Rxh5 Rb2+ 44.
Kg3 Ne3 45. Bxe3 dxe3 46. Rh8 Rb1 47. Re8+ Kd3 48. Kf4 Rf1+ 49. Kg5 e2 50. g4 e1=Q 51.
Rxe1 Rxe1 52. h5 Ke4 53. Kf6 Rf1+ 54. Kg7 Rg1 55. h6 Rxg4+ 56. Kf7 Rh4 57. h7 Rxh7+ 0-1

[Event "*** Titled Tuesday 3|2 Blitz"]
[Site "Chess.com"]
[Date "2015.08.04"]
[Round "2"]
[White "DanielNaroditsky"]
[Black "yurisolo"]
[Result "1/2-1/2"]
[WhiteElo "2538"]
[BlackElo "2403"]
[TimeControl "180+2"]
[EndTime "11:52:06 PDT"]
[Termination "Game drawn by agreement"]

1. d4 d5 2. c4 c6 3. e3 Nf6 4.
Bd3 e6 5. Nf3 dxc4 6. Bxc4 Nbd7 7. O-O b5 8. Bd3 Bd6 9. a4 bxa4 10. Qxa4 c5 11. dxc5 Bxc5 12. b4 Bb6 13. Bb2 O-O 14. Qc2 Bb7 15. Nbd2 Rc8 16. Qb1 Qe7 17. Bd4 Rfd8 18.
Qb2 e5 19. Bxb6 axb6 20. Ra7 Bxf3 21. gxf3 Qe6 22. Qb1 g6 23. Qb3 Qxb3 24. Nxb3 Nb8 25. Bb5 Nd5 26. Rd1 Nxb4 27. Rxd8+ Rxd8 28. Rb7 Nd5 29.
Nd2 Nc3 30. Bc4 Nd7 31. Nb3 Kf8 32. Rc7 Na4 33. Bb5 Nac5 34. Nd2 Ke7 35. Nc4 Ke6 36. Rc6+ Ke7 37. Rc7 Ke6 38. Rc6+ Ke7 39. Nxb6 Nxb6 40. Rxb6 Rd6 41. Rb8 Rd8 42. Rb6 Rd6 43. Rb8 Rd8 44.
Rxd8 Kxd8 45. Bc4 Ke7 46. Kf1 Kf6 47. h4 h5 48. Kg2 Nb7 49. Bd5 Nd6 50. e4 Nb5 51. f4 exf4 52. Kf3 g5 53. hxg5+ Kxg5 54. Bxf7 Nd4+ 55. Kg2 f3+ 56. Kh3 Kf4 57. Bxh5 Kxe4 58.
Bxf3+ Kxf3 1/2-1/2

[Event "*** Titled Tuesday 3|2 Blitz"]
[Site "Chess.com"]
[Date "2015.08.04"]
[Round "2"]
[White "Tobi-Wan-Kenobi"]
[Black "myaccount88"]
[Result "1-0"]
[WhiteElo "2262"]
[BlackElo "2174"]
[TimeControl "180+2"]
[EndTime "11:52:17 PDT"]
[Termination "Tobi-Wan-Kenobi won by checkmate"]

1. d4 Nf6 2. c4 g6 3. Nf3 Bg7 4. Nc3 d6 5. e4 O-O 6. Be2 Nbd7 7. Be3 c6 8. O-O a6 9. d5 Ng4 10. Bd4 Ngf6 11. h3 Rb8 12. Ba7 Ra8 13. Bd4 Rb8 14. a4 Qc7 15. Re1 e5 16. dxe6 fxe6 17. Qd2 e5 18. Ba7 Ra8 19. Be3 Re8 20. Red1 Bf8 21.
a5 Nc5 22. Qc2 Be6 23. b4 Ncd7 24. Ng5 Kg7 25. Nxe6+ Rxe6 26. Na4 Kh8 27. Rab1 Bg7 28. Qd3 Rf8 29. Nb6 Nxb6 30. Bxb6 Qf7 31. Be3 Rd8 32. b5 Ree8 33. bxc6 bxc6 34. Qc2 d5 35. cxd5 cxd5 36. Bxa6 Nxe4 37. Bb7 Nf6 38. a6 d4 39. Bg5 h6 40. Bxf6 Qxf6 41. a7 Qf7 42. Qe4 Kh7 43. a8=Q Rxa8 44. Bxa8 Rf8 45. Rf1 Qf5 46. Qxf5 gxf5 47.
Bd5 Rd8 48. Be6 Kg6 49. g4 fxg4 50. hxg4 Bf6 51. Bf5+ Kg5 52. Kg2 h5 53. f3 hxg4 54. fxg4 Ra8 55. Rb2 Ra3 56. Rf3 Ra1 57. Rbf2 Bd8 58.
Rh3 Kf6 59. Be4+ Ke7 60. Rh7+ Kd6 61. Rh6+ Ke7 62. g5 Ba5 63. g6 Be1 64. Rf7+ Ke8 65. Rh8# 1-0

[Event "*** Titled Tuesday 3|2 Blitz"]
[Site "Chess.com"]
[Date "2015.08.04"]
[Round "2"]
[White "Cruel_Yaro"]
[Black "DeviatkinAndrey"]
[Result "0-1"]
[WhiteElo "2499"]
[BlackElo "2555"]
[TimeControl "180+2"]
[EndTime "11:52:23 PDT"]
[Termination "DeviatkinAndrey won by resignation"]

1. d4 d5 2. c4 c6 3. Nc3 e5 4. dxe5 d4 5. Ne4 Qa5+ 6. Bd2 Qxe5 7. Ng3 Nf6 8. Nf3 Qc5 9. Rc1 Bg4 10. b4 Qd6 11. c5 Qd5 12. e4 dxe3 13. fxe3 b5 14. Be2 Be7 15. O-O O-O 16. Nd4 Bxe2 17. Qxe2 g6 18. Bc3 Ne4 19. Ba1 Nxg3 20. hxg3 Nd7 21.
e4 Qg5 22. Nxc6 Rae8 23. Rcd1 Nb8 24. Qb2 f6 25. Qb3+ Kg7 26. Nxb8 Rxb8 27. Rd7 Rf7 28. Rxe7 Rxe7 29. Bxf6+ Qxf6 30. Rxf6 Kxf6 31. Qf3+ Kg7 32. Qc3+ Kf7 33. c6 Rc8 34. Qc5 Rec7 35. Qd5+ Ke7 36. Qe5+ Kf7 37. Qxb5 Rxc6 38. a4 h5 39. Qd5+ Ke7 40.
b5 Rc1+ 41. Kh2 R8c5 42. Qb7+ Rc7 43. Qa6 Rf1 44. g4 h4 45. g5 Rcc1 46. Kh3 Rf4 47. Qxa7+ Ke6 48. Qb6+ Ke5 49. Qb8+ Kxe4 50. Qe8+ Kf5 51.
Qd7+ Kxg5 52. Qd8+ Kf5 53. Kh2 g5 54. Qd5+ Kf6 55.
Qd6+ Kf5 56. Qd5+ Kf6 57. Qd8+ Kg6 58. Qg8+ Kf6 59. Qh8+ Kg6 60. Qe8+ Kf6 61. Qd8+ Kg6 62. Qd3+ Kf6 63. b6 Rff1 64. g4 Rf2+ 0-1

[Event "*** Titled Tuesday 3|2 Blitz"]
[Site "Chess.com"]
[Date "2015.08.04"]
[Round "2"]
[White "ChadaevNikolay"]
[Black "viditchess"]
[Result "1-0"]
[WhiteElo "2648"]
[BlackElo "2406"]
[TimeControl "180+2"]
[EndTime "11:52:30 PDT"]
[Termination "ChadaevNikolay won by resignation"]

1. e4 e6 2. d3 d5 3. Nd2 Nf6 4. Ngf3 b6 5. e5 Nfd7 6. d4 c5 7. c3 Be7 8. Be2 O-O 9. O-O Ba6 10. Bxa6 Nxa6 11. Qe2 Qc8 12. a3 Nc7 13. Re1 Qa6 14. Qe3 Rfc8 15. Nf1 Nb5 16. Ng3 cxd4 17. cxd4 Rc4 18.
Nh5 Rac8 19. h4 Nf8 20. Ng3 Ng6 21. h5 Nh4 22. Nxh4 Bxh4 23. Ne2 h6 24. Bd2 Be7 25.
Kh2 Rc2 26. a4 Nc7 27. b3 Qb7 28. Qd3 Na6 29. Rac1 Rxc1 30. Rxc1 Rxc1 31. Nxc1 Qc8 32. Ne2 Nb4 33. Bxb4 Bxb4 34. g3 Kf8 35. Kg2 Kg8 36. Kh3 Be7 37. Qc3 Qa6 38. Qc2 Bf8 39. Kg2 Qa5 40. Qc3 Qxc3 41. Nxc3 a6 42. f4 Bb4 43. Ne2 Kf8 44. Kf3 g6 45. g4 Ba3 46. f5 g5 47.
f6 Bb2 48. Ke3 Ke8 49. Kd3 Kf8 50. b4 Ba3 51. Kc3 a5 52. bxa5 bxa5 53. Kb3 Bb4 54. Nc1 Bd2 55. Nd3 Ke8 56. Kc2 Be3 57. Kc3 Bf4 58.
Nc5 Bg3 59. Kd2 Bf2 60. Nb3 Kd7 61. Ke2 Bg1 62. Kd3 Kc6 63. Nxa5+ Kb6 64. Nb3 Kc6 65.
Nc5 1-0

[Event "*** Titled Tuesday 3|2 Blitz"]
[Site "Chess.com"]
[Date "2015.08.04"]
[Round "2"]
[White "Gergo85"]
[Black "fpawn"]
[Result "1/2-1/2"]
[WhiteElo "2323"]
[BlackElo "2101"]
[TimeControl "180+2"]
[EndTime "11:52:46 PDT"]
[Termination "Game drawn by repetition"]

1. Nf3 d5 2. g3 c6 3. Bg2 Bg4 4. O-O Nd7 5. d3 e6 6. Nbd2 Ngf6 7. c4 Bd6 8. Qb3 Qb6 9. Qc2 O-O 10. b3 Rac8 11. Bb2 Qc7 12. e4 dxe4 13. dxe4 Ne5 14. Nxe5 Bxe5 15. f3 Bh5 16. Rfd1 Rfd8 17. Nf1 Bxb2 18.
Qxb2 Qb6+ 19. Qf2 Bg6 20. Qxb6 axb6 21. Kf2 Nd7 22. Ne3 Nc5 23. Bf1 Kf8 24. g4 f6 25. Nc2 Ke7 26. Ke3 e5 27. Be2 Ne6 28. a4 Bf7 29. a5 bxa5 30. Rxa5 Rxd1 31. Bxd1 Rd8 32. Be2 Rd7 33. Nb4 Kd6 34. Nd3 Nd4 35. Bd1 Ne6 36. Ra8 Rd8 37. Rxd8+ Nxd8 38. c5+ Kc7 39. b4 b6 40. h4 h6 41. f4 exf4+ 42.
Nxf4 Nb7 43. Kd4 bxc5+ 44. bxc5 Kd7 45. Ba4 Kc7 46. Bd1 Nd8 47. e5 Ne6+ 48. Nxe6+ Bxe6 49. Ke4 Kd7 50. Kf4 Ke7 51. Bf3 Bd7 52. h5 Be8 53.
Be4 Bd7 54. Bg6 Be6 55. exf6+ Kxf6 56. Be4 Bd7 57. Bf3 Be8 58. Be2 Bd7 59. Bf3 Be8 60. Ke4 Bd7 61. Kd4 Be8 62. Kc4 Bd7 63. Kb4 Ke5 64. Ka5 Kf4 65. Bd1 Bxg4 66. Bxg4 Kxg4 67. Kb6 Kxh5 68. Kxc6 g5 69. Kd5 g4 70. Ke4 Kh4 71. c6 g3 72. Kf3 Kh3 73. c7 Kh2 74. c8=Q g2 75. Qc7+ Kh1 76. Qg7 g1=Q 77. Qxh6+ Qh2 78. Qc1+ Qg1 79. Qd2 Qf1+ 80. Kg3 Qg1+ 81. Kh3 Qf1+ 82. Kg3 Qg1+ 83. Kh3 Qf1+ 84. Kg3 1/2-1/2

[Event "*** Titled Tuesday 3|2 Blitz"]
[Site "Chess.com"]
[Date "2015.08.04"]
[Round "2"]
[White "Mr_Penings"]
[Black "armago"]
[Result "1-0"]
[WhiteElo "2226"]
[BlackElo "2048"]
[TimeControl "180+2"]
[EndTime "11:52:47 PDT"]
[Termination "Mr_Penings won by resignation"]

1. c4 Nf6 2. Nc3 e6 3. e4 d6 4.
d4 Nc6 5. f4 Be7 6. Nf3 O-O 7.
Bd3 e5 8. d5 Nb4 9. Bb1 exf4 10. Bxf4 Nd7 11. O-O Bf6 12. Qe1 Re8 13. Qg3 Ne5 14. Nxe5 Bxe5 15. a3 Na6 16. b4 Qf6 17.
Bxe5 Qxe5 18. Qxe5 Rxe5 19. Bd3 Bd7 20. Rf4 Rae8 21.
Raf1 f6 22. Nb5 Bxb5 23. cxb5 Nb8 24. Rc1 Rc8 25. Rf2 Re7 26. Rfc2 g6 27. g4 Kf8 28. Kf2 Ke8 29. h4 Kd8 30. h5 g5 31. Ke3 Nd7 32. Rf1 Ne5 33. Be2 Rf7 34. a4 Kd7 35.
Bd1 Rcf8 36. Rcf2 h6 37. Be2 Kd8 38. Rf5 c6 39. bxc6 bxc6 40. dxc6 Nxc6 41. b5 Ne5 42. Rd1 Ke7 43. Rff1 Rc8 44. Rc1 Rff8 45. Kd4 Ke6 46.
a5 Rfd8 47. Rfd1 Rb8 48. Rc7 Rd7 49. Rdc1 Rbd8 50. b6 axb6 51. axb6 Rb8 52. Rb1 Rxb6 53. Rxd7 Nxd7 54. Bc4+ Ke7 55. Ra1 Rb7 56. Bd5 Rb4+ 57. Kc3 Rb8 58. Ra7 Rc8+ 59. Kd4 Rc1 60. Ra8 Rd1+ 61.
Ke3 Nb6 62. Ra7+ Kd8 63. Be6 Re1+ 64. Kf3 Rf1+ 65. Ke2 Rf4 66. Bf5 d5 67. Rb7 Nc4 68. Rd7+ Ke8 69. Rxd5 Ne5 70. Rd6 Ke7 71. Re6+ Kf7 72.
Ra6 Nxg4 73. Ra7+ Kf8 74. Rh7 Ne5 75. Rxh6 Kg7 76. Rh7+ Kg8 77. Ra7 g4 78. h6 g3 79.
h7+ Kh8 80. Ra8+ 1-0

[Event "*** Titled Tuesday 3|2 Blitz"]
[Site "Chess.com"]
[Date "2015.08.04"]
[Round "2"]
[White "AnthonyWirig"]
[Black "samolo"]
[Result "1/2-1/2"]
[WhiteElo "2524"]
[BlackElo "2509"]
[TimeControl "180+2"]
[EndTime "11:54:09 PDT"]
[Termination "Game drawn - insufficient material"]

1. d4 g6 2. e4 Bg7 3. Nc3 d6 4. h4 h5 5. Be3 a6 6. a4 b6 7. f3 Bb7 8. Nh3 c5 9. d5 Nd7 10. Ng5 Ngf6 11. Be2 Ne5 12. O-O O-O 13. Qd2 Rb8 14. Nd1 b5 15. axb5 axb5 16. Nf2 Nc4 17. Bxc4 bxc4 18. c3 Qb6 19. Ra2 Ra8 20. Rfa1 Rxa2 21.
Rxa2 Rb8 22. Qe2 Qb3 23. Ra3 Qb5 24. Ra7 Qb6 25. Ra2 Qb5 26. Nd1 Bc8 27. Ra7 Nd7 28. Qc2 Qb6 29. Qa4 Qb3 30. Kh2 Bf6 31. f4 Kg7 32.
Nf3 Rb7 33. Qxb3 cxb3 34. Ra3 e6 35. dxe6 fxe6 36. Nd2 Bxh4 37. Rxb3 Rxb3 38. Nxb3 Bb7 39. Nd2 Nf6 40. g3 Ng4+ 41. Kg2 Be7 42. Kf1 d5 43. e5 Ba6+ 44. Kg2 Bb7 45. Kh3 g5 46. Bg1 gxf4 47. gxf4 Kg6 48. Ne3 Nxe3 49. Bxe3 Ba6 50.
b4 cxb4 51. cxb4 Bxb4 52. Nf3 Be7 53. Nd4 Bc8 54. Kg3 Bd7 55. Kf3 Bh4 56. Bf2 Bd8 57.
Be3 Ba5 58. Bf2 Bd8 59. Be3 Kf7 60. Bf2 Be7 61. Be3 Ke8 62. Bd2 Bc5 63. Be3 Be7 64. Bf2 Kd8 65. f5 exf5 66. e6 Bc8 67. Kf4 h4 68.
Nxf5 h3 69. Ke5 h2 70. Ng3 Bb7 71. Bd4 Kc7 72. Nh1 Kc6 73. Kf4 Kb5 74. Kg3 Bd6+ 75. Kf2 Kc4 76. Bf6 d4 77. e7 Bxe7 78. Bxe7 Bxh1 79.
Kg3 d3 80. Bg5 Bd5 81. Kxh2 Kc3 82. Kg3 Kc2 83. Kf2 Kd1 84. Bf4 Kc2 85. Ke1 d2+ 86.
Bxd2 Bf3 87. Bf4 Be2 88. Kf2 Kd3 89. Bg3 Bf3 90. Bh4 Ke4 91. Kg3 Bg4 92. Bd8 Kf5 93. Bc7 Ke6 94. Bb8 Bf5 95. Ba7 Kd7 96. Bf2 Kc6 97. Kf4 Bg4 98. Be3 Bf5 99. Ke5 Be4 100.
Bd4 Bd5 101. Ba7 Kb7 102. Bf2 Be4 103. Kxe4 1/2-1/2